 Dungeon Crawl Stone Soup version 0.31-a0-83-gbff143cfd1 (webtiles) character file.

Game seed: 16373077978767540352

72 Strat the Sneak (level 4, -1/27 HPs)
             Began as a Kobold Brigand on May 24, 2023.
             Slain by Ijyb
             ... wielding a +3 club
              (4 damage)
             ... on level 3 of the Dungeon.
             The game lasted 00:02:26 (2002 turns).

Strat the Sneak (Kobold Brigand)                    Turns: 2002, Time: 00:02:26

Health: -1/27      AC:  3    Str:  8    XL:     4   Next: 48%
Magic:  4/4        EV: 15    Int: 12    God:
Gold:   81         SH:  0    Dex: 18    Spells: 3/3 levels left

rFire   . . .        a - +2 dagger
rCold   . . .        (no shield)
rNeg    . . .        b - +0 robe
rPois   .            (no helmet)
rElec   .            c - +0 cloak
rCorr   .            (no gloves)
SInv    .            (no boots)
Will    .....        (no amulet)
Stlth   ++++         (no ring)
HPRegen 0.24/turn    (no ring)
MPRegen 0.09/turn

%: no passive effects
@: no status effects
A: small, no large weapons, nightstalker 3
a: no special abilities


You were on level 3 of the Dungeon.
You visited 1 branch of the dungeon, and saw 3 of its levels.

You collected 81 gold pieces.

Inventory:

Hand Weapons
 a - a +2 dagger (weapon)
Missiles
 d - 9 poisoned darts (quivered)
 e - 3 curare-tipped darts
Armour
 b - a +0 robe (worn)
 c - a +0 cloak (worn)
Jewellery
 p - a ring of ice
 s - an amulet of guardian spirit
Scrolls
 g - a scroll of fear {unknown}
 h - 3 scrolls of teleportation {unknown}
 i - 2 scrolls of vulnerability {unknown}
 l - 2 scrolls of magic mapping {unknown}
 m - a scroll of immolation {unknown}
 n - a scroll of silence {unknown}
 o - 2 scrolls of identify {unknown}
 t - a scroll of enchant weapon {unknown}
Potions
 f - a potion of magic {unknown}
 k - a potion of mutation {unknown}
 q - a potion of ambrosia
 r - a potion of attraction {unknown}


   Skills:
 + Level 2.7 Fighting
 * Level 4.0 Short Blades
 - Level 2.1 Throwing
 + Level 2.2 Dodging
 * Level 6.2 Stealth


You had 3 spell levels left.
You didn't know any spells.
Your spell library was empty.

Dungeon Overview and Level Annotations

Branches:
Dungeon (3/15)

Altars:

Annotations:
D:3 Ijyb


Innate Abilities, Weirdness & Mutations

You are small and have problems with some larger weapons.
You are completely attuned to the shadows.


Message History

You feel better.
You feel less invigorated. Ijyb barely misses you.
You hit Ijyb but do no damage.
Ijyb is moderately wounded.
Ijyb closely misses you.
You hit Ijyb but do no damage.
Ijyb is moderately wounded.
Ijyb completely misses you.
You hit Ijyb but do no damage.
Ijyb is moderately wounded.
You hit Ijyb.
Ijyb is heavily wounded.
Ijyb hits you with a +3 club.
* * * LOW HITPOINT WARNING * * *
You hit Ijyb but do no damage.
Ijyb is heavily wounded.
Ijyb closely misses you.
You barely miss Ijyb.
Ijyb is heavily wounded.
Ijyb misses you.
You hit Ijyb but do no damage.
Ijyb is heavily wounded.
Ijyb barely misses you.
You hit Ijyb but do no damage.
Ijyb is heavily wounded.
You hit Ijyb but do no damage.
Ijyb is heavily wounded.
Ijyb hits you with a +3 club.
* * * LOW HITPOINT WARNING * * *
You hit Ijyb but do no damage.
Ijyb is heavily wounded.
Ijyb hits you with a +3 club.
* * * LOW HITPOINT WARNING * * *
You hit Ijyb.
Ijyb is heavily wounded.
Ijyb hits you with a +3 club.
* * * LOW HITPOINT WARNING * * *
You closely miss Ijyb.
Ijyb is heavily wounded.
Ijyb hits you with a +3 club.
You die...

.#####......##'###.....##
#......##.###......#
#......##......###.#
#########......# #.######
#......# #.#...<#
##......# #.##.###
#..##+### #.##.#
#........ #....#
.....@.... ######
..##...g... .. #.......
#....... #.......


You could see Ijyb.

Vanquished Creatures
  2 adders
  2 dart slugs (D:1)
  2 orcs
  10 bats
  4 endoplasms
  2 giant cockroaches (D:1)
  5 goblins
  5 hobgoblins
  4 quokkas
  2 ball pythons
  2 frilled lizards
  5 rats
45 creatures vanquished.

Notes
Turn   | Place    | Note
-------+----------+-------------------------------------------
     0 | D:1      | Strat the Kobold Brigand began the quest for the Orb.
     0 | D:1      | Reached XP level 1. HP: 12/12 MP: 1/1
   100 | D:1      | Reached XP level 2. HP: 18/18 MP: 2/2
   381 | D:1      | Reached XP level 3. HP: 22/22 MP: 3/3
   397 | D:1      | Found a faded altar of an unknown god.
  1105 | D:2      | Reached skill level 6 in Stealth
  1105 | D:2      | Reached XP level 4. HP: 24/27 MP: 4/4
  1968 | D:3      | Noticed Ijyb
  2002 | D:3      | Slain by Ijyb

Illustrated notes

Levels and vault maps discovered:
D:1:      sevenhm_arrival_forest_fort_large_4, layout_basic,
          basic_ecumenical_altar
D:2:      layout_loops_cross
D:3:      minmay_door_path, layout_basic, uniq_ijyb, uniq_crazy_yiuf_cottage

Skill      XL: |  1  2  3  4 |
---------------+-------------+-----
Short Blades   | 3 4 |  4.0
Dodging        | 2 |  2.2
Stealth        | 6 |  6.2
Fighting       | |  2.7
Throwing       | |  2.1

Action                     |  1- 3 |  4- 6 || total
---------------------------+-------+-------++-------
  Melee: Dagger            |    67 |    54 ||   121
         Punch             |     1 |     1 ||     2
    Use: Potion            |       |     4 ||     4
   Stab: Sleeping          |    22 |     9 ||    31
 Armour: Robe              |    17 |     5 ||    22
  Dodge: Dodged            |    38 |    20 ||    58

Table legend: (Time is in decaauts)
 A = Elapsed time spent in this place.
 B = Non-inter-level travel time spent in this place.
 C = Inter-level travel time spent in this place.
 D = Time resting spent in this place.
 E = Time spent auto-exploring this place.
 F = Levels seen in this place.
 G = Mean time per level.
                   A        B        C        D        E       F      G
               +--------+--------+--------+--------+--------+-----+--------+
         Total |   1981 |   1873 |    108 |     82 |   1492 |   3 |  660.3 |
       Dungeon |   1981 |   1873 |    108 |     82 |   1492 |   3 |  660.3 |
               +--------+--------+--------+--------+--------+-----+--------+

Top non-repeatable levels by time:
     D:1: 917 daAuts
     D:2: 865 daAuts
     D:3: 198 daAuts
